 Dungeon Crawl Stone Soup version 0.20.1-1-g8b1a95d (webtiles) character file.

16704 Kingsmith the Fighter (level 12, -6/116 HPs)
             Began as a Minotaur Fighter on Dec 7, 2017.
             Was a Believer of the Shining One.
             Mangled by a wolf spider simulacrum (19 damage)
             ... in an ice cave.
             The game lasted 00:32:27 (13782 turns).

Kingsmith the Fighter (Minotaur Fighter)           Turns: 13782, Time: 00:32:31

Health: -6/116     AC: 11    Str: 25    XL:     12   Next: 12%
Magic:  13/13      EV:  9    Int:  5    God:    the Shining One [**....]
Gold:   642        SH: 12    Dex: 11    Spells: 11/11 levels left

rFire    . . .     SeeInvis .   P - +1 scimitar (flame)
rCold    . . .     Gourm    .   c - +0 shield
rNeg     + . .     Faith    .   b - +0 scale mail
rPois    .         Spirit   .   (helmet restricted)
rElec    +         Reflect  .   D - +1 cloak
rCorr    +         Harm     .   (no gloves)
MR       +....                  (no boots)
Stlth    +.........             (no amulet)
Regen    0.3/turn               s - ring of stealth
MPRegen  0.2/turn               A - ring "Beunecs" {rCorr rElec MR+}

@: glowing
A: retaliatory headbutt, horns 2
a: Divine Shield, Renounce Religion


You were in an ice cave.
You worshipped the Shining One.
The Shining One was pleased with you.
You were not hungry.

You visited 2 branches of the dungeon, and saw 13 of its levels.
You also visited: Bailey and Ice Cave.

You collected 759 gold pieces.
You spent 117 gold pieces at shops.

Inventory:

Hand Weapons
 p - a +2 short sword of holy wrath
 y - a +2 long sword of protection
 P - a +1 scimitar of flaming (weapon)
Missiles
 G - 19 tomahawks of returning (quivered)
Armour
 b - a +0 scale mail (worn)
 c - a +0 shield (worn)
 x - a +0 chain mail
 D - a +1 cloak (worn)
 Q - a +0 plate armour
Jewellery
 s - a ring of stealth (left hand)
 A - a ring "Beunecs" (right hand) {rCorr rElec MR+}
   (You found it on level 7 of the Dungeon)

   [ring of resist corrosion]

   It insulates you from electricity.
   It affects your resistance to hostile enchantments.
 M - an uncursed ring of fire
Wands
 a - a wand of polymorph (5/24)
 z - a wand of polymorph (19/24)
 B - a wand of flame (27/48)
 C - a wand of acid (12/15)
 E - a wand of digging (8/24)
 K - a wand of disintegration (16/24)
 R - a wand of lightning (14/15)
 U - a wand of digging (11/24)
Scrolls
 g - 2 scrolls of noise
 i - 8 scrolls of teleportation
 n - 3 scrolls of remove curse
 o - 5 scrolls of recharging
 q - 5 scrolls of immolation
 t - 3 scrolls of fear
 F - 2 scrolls of amnesia
 H - 3 scrolls of enchant armour
 J - 2 scrolls of identify
 N - a scroll of magic mapping
Potions
 d - 2 potions of might
 e - 4 potions of brilliance
 h - a potion of flight {unknown}
 j - a potion of mutation {unknown}
 l - 3 potions of curing
 w - a potion of agility {unknown}
 L - a potion of resistance {unknown}
 O - a potion of invisibility {unknown}
Books
 r - a book of Cantrips

   Spells                             Type                      Level
   a - Confusing Touch                Hexes                        1
   b - Animate Skeleton               Necromancy                   1
   c - Summon Small Mammal            Summoning                    1
   d - Apportation                    Translocation                1
 u - a book of Clouds

   Spells                             Type                      Level
   a - Poisonous Vapours              Poison/Air                   2
   b - Mephitic Cloud                 Conjuration/Poison/Air       3
   c - Conjure Flame                  Conjuration/Fire             3
   d - Freezing Cloud                 Conjuration/Ice/Air          6
   e - Ring of Flames                 Charms/Fire                  7
 I - a book of Changes

   Spells                             Type                      Level
   a - Beastly Appendage              Transmutation                1
   b - Sticks to Snakes               Transmutation                2
   c - Spider Form                    Transmutation/Poison         3
   d - Ice Form                       Ice/Transmutation            4
   e - Blade Hands                    Transmutation                5
 S - a book of Beasts

   Spells                             Type                      Level
   a - Summon Butterflies             Summoning                    1
   b - Call Canine Familiar           Summoning                    3
   c - Summon Ice Beast               Ice/Summoning                4
   d - Summon Mana Viper              Hexes/Summoning              5
   e - Summon Hydra                   Summoning                    7
Comestibles
 f - 9 bread rations
 k - 8 meat rations
 m - 7 royal jellies
 v - 24 fruits
 T - 4 chunks of flesh


   Skills:
 - Level 13.8 Fighting
 - Level 13.3 Long Blades
 - Level 10.0 Armour
 - Level 10.1 Shields
 + Level 3.4 Invocations


You had 11 spell levels left.
You didn't know any spells.

Dungeon Overview and Level Annotations

Branches:
Dungeon (12/15)            Temple (1/1) D:7            Lair (0/6) D:9
    Orc (0/2) D:11

Altars:
Ashenzari
Cheibriados
Dithmenos
Elyvilon
Fedhas
Gozag
Hepliaklqana
Makhleb
Nemelex Xobeh
Okawaru
Qazlal
Ru
Sif Muna
Trog
Uskayaw
Vehumet
Xom
Yredelemnul
Zin
The Shining One

Shops:
D:4 %   D:5 (   D:9 ?}%

Annotations:
D:3 Sigmund
D:4 Food Shop
D:9 Scroll Shop, Food Shop, Lantern of Fire, Vial of Floods, 400 GP each


Innate Abilities, Weirdness & Mutations

You reflexively headbutt those who attack you in melee.
You have a pair of horns on your head.


Message History

The floor.
Wield which item (- for none, * to show all)? (? for menu, Esc to quit)
Your +2 long sword of protection goes still.
Your +1 scimitar of flaming bursts into flame!
P - a +1 scimitar of flaming (weapon)
The wolf spider simulacrum barely misses you.
The wolf spider simulacrum bites you.
The wolf spider simulacrum freezes you!!
You slash the death yak simulacrum!
You melt the death yak simulacrum.
The death yak simulacrum is almost destroyed.
You block the wolf spider simulacrum's attack. x2
The death yak simulacrum gores you! The death yak simulacrum freezes you!!
* * * LOW HITPOINT WARNING * * *
You slash the death yak simulacrum!
You melt the death yak simulacrum.
The death yak simulacrum vapourises!
The Shining One accepts your kill. The wolf spider simulacrum hits you!
* * * LOW HITPOINT WARNING * * *
The wolf spider simulacrum freezes you!!
You die...

#### ##..##
##....### #
#......Z##....
#.∩.∩.@§....#
#......ZZ..##
##....##..##
##..## ###
####


You could see a death yak simulacrum, a polar bear simulacrum and a wolf spider
simulacrum.

Vanquished Creatures
  2 two-headed ogres
  Erica (D:9)
  2 unseen horrors (D:11)
  3 ugly things (D:11)
  A centaur zombie (D:8)
  A gargoyle (D:11)
  Psyche (D:10)
  A komodo dragon (D:10)
  2 slime creatures (D:7)
  4 hippogriffs
  A wraith (D:10)
  4 wyverns
  4 yaks (D:10)
  A steam dragon (D:9)
  4 wargs (D:10)
  A death yak simulacrum (IceCv)
  An acid dragon (D:12)
  A black bear (D:10)
  4 sky beasts
  12 orc warriors
  4 ice beasts
  2 phantoms
  5 ogres
  2 eyes of draining
  3 crocodiles (D:9)
  11 centaurs
  5 big kobolds
  4 bullfrogs
  A wyvern zombie (D:8)
  A wyvern skeleton (D:7)
  3 scorpions
  19 killer bees
  7 wights
  A howler monkey (D:8)
  A crimson imp (D:5)
  5 hounds
  A quasit (D:6)
  2 gnoll shamans
  A bullfrog skeleton (D:7)
  2 centaur skeletons
  6 orc priests
  8 jellies (D:7)
  15 orc wizards
  Jessica (D:7)
  7 iguanas
  8 worker ants
  A killer bee zombie (D:7)
  A hound zombie (D:7)
  A howler monkey zombie (D:8)
  A worker ant zombie (D:7)
  20 gnolls
  9 adders
  A shadow imp (D:9)
  3 oozes
  2 adder zombies
  2 worms
  4 dart slugs
  A leopard gecko (D:5)
  43 orcs
  4 giant cockroaches
  10 goblins
  2 hobgoblins
  9 jackals
  34 kobolds
  6 quokkas
  9 bats
  3 frilled lizards
  8 rats
350 creatures vanquished.

Vanquished Creatures (others)
  3 fungi (D:7)
  7 toadstools (D:7)
10 creatures vanquished.

Grand Total: 360 creatures vanquished

Notes
Turn   | Place    | Note
-------+----------+-------------------------------------------
     0 | D:1      | Kingsmith the Minotaur Fighter began the quest for the Orb.
     0 | D:1      | Reached XP level 1. HP: 19/19 MP: 0/0
   271 | D:1      | Reached XP level 2. HP: 26/26 MP: 1/1
   827 | D:2      | Reached XP level 3. HP: 31/31 MP: 2/2
   885 | D:2      | Found a glowing golden altar of the Shining One.
  1662 | D:3      | Reached skill level 5 in Armour
  1662 | D:3      | Reached skill level 5 in Shields
  1662 | D:3      | Reached XP level 4. HP: 35/39 MP: 3/3
  1799 | D:3      | Noticed Sigmund
  1932 | D:4      | Reached XP level 5. HP: 16/45 MP: 4/4
  2547 | D:4      | Found a sacrificial altar of Ru.
  2889 | D:4      | Found Cukaqext's Food Shoppe.
  3095 | D:5      | Entered Level 5 of the Dungeon
  3259 | D:5      | Found a hazy altar of Hepliaklqana.
  3300 | D:5      | Reached XP level 6. HP: 50/51 MP: 5/5
  3336 | D:5      | Noticed an ice beast
  3344 | D:5      | Killed an ice beast
  3598 | D:5      | Found a shadowy altar of Dithmenos.
  3682 | D:5      | Noticed a sky beast
  3691 | D:5      | Killed a sky beast
  3932 | D:5      | Reached XP level 7. HP: 52/57 MP: 6/6
  4089 | D:5      | Found Reaj's Antique Weapon Shoppe.
  4092 | D:5      | Bought a glowing long sword for 117 gold pieces
  4299 | D:6      | Found a shattered altar of Ashenzari.
  4469 | D:6      | Found a white marble altar of Elyvilon.
  4896 | D:6      | Reached XP level 8. HP: 23/64 MP: 7/7
  4978 | D:6      | Found an iron altar of Okawaru.
  5679 | D:7      | Found a staircase to the Ecumenical Temple.
  5720 | D:7      | Noticed a hippogriff
  5729 | D:7      | Killed a hippogriff
  5859 | D:7      | Reached skill level 10 in Shields
  5865 | D:7      | Reached skill level 10 in Armour
  6417 | D:7      | Noticed Jessica
  6430 | D:7      | Killed Jessica
  6713 | D:7      | Reached XP level 9. HP: 72/72 MP: 8/8
  6723 | D:7      | Reached skill level 5 in Fighting
  6768 | D:7      | Reached skill level 5 in Long Blades
  6839 | D:7      | Got a shimmering platinum ring
  7624 | D:7      | Found a deep blue altar of Sif Muna.
  7681 | D:8      | Found a stormy altar of Qazlal.
  7976 | D:8      | Reached XP level 10. HP: 85/90 MP: 9/9
  8004 | D:8      | Identified a ring "Beunecs" {rCorr rElec MR+} (You found it on level 7 of the Dungeon)
  8036 | D:8      | Found a shadowy altar of Dithmenos.
  8036 | D:8      | Found a snail-covered altar of Cheibriados.
  8124 | D:8      | Found a flagged portal.
  8138 | Bailey   | Entered a bailey
  9063 | Temple   | Entered the Ecumenical Temple
  9211 | Temple   | Became a worshipper of the Shining One
  9339 | D:9      | Found a basalt altar of Yredelemnul.
  9387 | D:9      | Found Raruhebb's Magic Scroll Shoppe.
  9432 | D:9      | Found a radiant altar of Vehumet.
  9437 | D:9      | Noticed Erica
  9457 | D:9      | Killed Erica
  9457 | D:9      | Reached skill level 10 in Fighting
  9457 | D:9      | Reached skill level 10 in Long Blades
  9745 | D:9      | Found Kyfilept's Gadget Shop.
  9967 | D:9      | Found Vecyif's Food Shop.
 10911 | D:9      | Found a staircase to the Lair.
 11194 | D:10     | Entered Level 10 of the Dungeon
 11240 | D:10     | Reached * piety under the Shining One
 11250 | D:10     | Reached XP level 11. HP: 98/102 MP: 10/10
 11583 | D:10     | Noticed a two-headed ogre
 11598 | D:10     | Killed a two-headed ogre
 11961 | D:10     | Noticed Psyche
 11969 | D:10     | Killed Psyche
 12553 | D:11     | Noticed an unseen horror
 12568 | D:11     | Killed an unseen horror
 13068 | D:11     | Noticed a brown ugly thing
 13068 | D:11     | Reached ** piety under the Shining One
 13069 | D:11     | Noticed a purple ugly thing
 13073 | D:11     | Noticed a green ugly thing
 13076 | D:11     | Killed a purple ugly thing
 13088 | D:11     | Killed a purple ugly thing
 13099 | D:11     | Killed a purple ugly thing
 13365 | D:11     | Noticed an unseen horror
 13377 | D:11     | Killed an unseen horror
 13478 | D:11     | Reached XP level 12. HP: 97/116 MP: 11/11
 13518 | D:11     | Found a staircase to the Orcish Mines.
 13589 | D:12     | Noticed a two-headed ogre
 13590 | D:12     | Reached skill level 1 in Invocations
 13597 | D:12     | Killed a two-headed ogre
 13667 | D:12     | Found a frozen archway.
 13776 | IceCv    | Entered an ice cave
 13782 | IceCv    | Mangled by a wolf spider simulacrum

Skill      XL: |  1  2  3  4  5  6  7  8  9 10 11 12 |
---------------+-------------------------------------+-----
Armour         | 4 5 6 7 8 10 | 10.0
Shields        | 4 5 6 7 8 10 | 10.1
Long Blades    | 4 8 11 13 | 13.3
Fighting       | 4 8 11 13 | 13.8
Invocations    | 3 |  3.4

Action                   |  1- 3 |  4- 6 |  7- 9 | 10-12 || total
-------------------------+-------+-------+-------+-------++-------
Melee: Long sword        |    64 |     6 |   298 |   606 ||   974
       Headbutt          |    11 |    17 |    63 |   139 ||   230
       Short sword       |    16 |   119 |    43 |       ||   178
       Scimitar          |       |       |       |     2 ||     2
Throw: Tomahawk          |       |       |       |    27 ||    27
  Use: Potion            |       |       |     4 |     1 ||     5
       Scroll            |       |       |    11 |     8 ||    19
  Eat: Chunk             |     2 |     6 |    11 |    20 ||    39
       Fruit             |       |       |     2 |       ||     2
       Royal jelly       |       |       |     1 |       ||     1
Armor: Scale mail        |    25 |    34 |   203 |   256 ||   518
Dodge: Dodged            |    24 |    54 |   127 |   205 ||   410
Block: Shield            |    42 |       |   213 |   366 ||   621
       Rpst.: Long sword |     5 |     2 |    27 |    44 ||    78
